Flyers vs Flames

Created - October-27-13 at 10:10

Goals
1 2 3 T
Flyers 2 1 0 3
Flames 1 0 0 1
Shots
1 2 3 T
Flyers 13 7 7 27
Flames 13 10 11 34

1st period

1. Flyers , Gabriel Bourque 2 (Jean-Gabriel Pageau) at 6:29
2. Flames , Michael Ryder 4 (Anze Kopitar, Andrew MacDonald) at 8:02 (PP)
3. Flyers , Justin Williams 7 (Kyle Brodziak, Nikolai Kulemin) at 10:46 (PP)

Penalties :
Kevin Bieksa (PHI) for Holding (Minor) at 3:37, Nikolai Kulemin (PHI) for High sticking (Minor) at 6:48, Bryce Salvador (CGY) for Interference (Minor) at 10:00, Ryan Kesler (CGY) for Slashing (Minor) at 10:49, Mike Cammalleri (CGY) for Holding (Minor) at 15:30, David Steckel (PHI) for Holding (Minor) at 19:36

2nd period

4. Flyers , Justin Williams 8 (Luke Schenn, Devan Dubnyk) at 17:03 (PP)

Penalties :
Anze Kopitar (CGY) for Hooking (Minor) at 4:15, Ladislav Smid (CGY) for Hooking (Minor) at 4:20, Gabriel Bourque (PHI) for Hooking (Minor) at 11:24, Ladislav Smid (CGY) for Interference (Minor) at 12:55, Ladislav Smid (CGY) for Roughing (Minor) at 16:48, Andrew MacDonald (CGY) for Roughing (Minor) at 17:12, Erik Johnson (CGY) for Hooking (Minor) at 18:53

3rd period

No Goal

Penalties :
Dustin Brown (CGY) for Slashing (Minor) at 1:42, Jake Muzzin (CGY) for Hooking (Minor) at 8:10, Marc-Andre Bergeron (PHI) for Hooking (Minor) at 12:24, Ladislav Smid (CGY) for Hooking (Minor) at 18:31

Goalie Stats

Devan Dubnyk (PHI), 33 saves from 34 shots - (0.971), W, 8-5-1, 60:00 minutes
Jonathan Quick (CGY), 24 saves from 27 shots - (0.889), L, 8-5-1, 60:00 minutes

Players Stats for Flyers

Player Name              G  A  P  +/- PIM S  H  SB GA TA FO     MP     PP MP  PK MP  
------------------------------------------------------------------------------------
Antti Miettinen          0  0  0   0  0   2  0  0  0  0  0/0     5:45   0:00   0:00 
Carlo Colaiacovo         0  0  0   0  0   1  1  1  0  0  0/0     7:53   0:34   0:45 
Dainius Zubrus           0  0  0   0  0   1  1  1  0  0  1/3    15:35   7:38   2:10 
David Steckel            0  0  0   0  2   0  0  0  0  0  5/8     5:46   0:00   0:00 
Eric Belanger            0  0  0   0  0   0  0  0  0  0  9/19   12:17   0:00   6:32 
Gabriel Bourque          1  0  1   1  2   5  0  0  0  0  0/1    18:30   7:38   0:00 
Jack Skille              0  0  0   0  0   0  0  0  0  0  1/2     5:47   0:00   0:00 
Jean-Gabriel Pageau      0  1  1   1  0   1  0  0  0  0  8/14   10:53   0:00   0:00 
Joni Pitkanen            0  0  0   1  0   4  1  4  0  0  0/0    28:24   9:44   4:55 
Justin Williams          2  0  2   0  0   4  1  0  0  0  1/2    21:15  10:02   0:00 
Kevin Bieksa             0  0  0   1  2   2  3  4  0  0  0/0    26:52   9:44   3:24 
Kyle Brodziak            0  1  1   0  0   1  1  0  0  0  25/38  23:25  10:02   2:10 
Kyle Okposo              0  0  0   1  0   0  1  1  0  0  3/11   18:31   7:38   0:00 
Luke Schenn              0  1  1   0  0   2  2  2  0  0  0/0    24:28   7:22   3:47 
Marc-Andre Bergeron      0  0  0   0  2   1  0  0  0  0  0/0    14:29   7:56   0:00 
Mark Stuart              0  0  0   0  0   0  7  2  0  0  0/0    17:52   0:00   4:33 
Nikolai Kulemin          0  1  1   0  2   1  2  0  0  0  0/0    20:46  10:02   0:00 
R.J. Umberger            0  0  0   0  0   2  0  1  0  0  0/1    12:17   0:00   6:32 

Players Stats for Flames

Player Name              G  A  P  +/- PIM S  H  SB GA TA FO     MP     PP MP  PK MP  
------------------------------------------------------------------------------------
Andrew MacDonald         0  1  1  -1  2   2  0  3  0  0  0/0    24:30   3:40   8:09 
Anze Kopitar             0  1  1  -1  2   5  5  1  0  0  12/25  28:21   4:14   9:24 
Bryce Salvador           0  0  0  -1  2   0  2  3  0  0  0/0    21:13   0:00   8:32 
Dustin Brown             0  0  0  -1  2   6  6  0  0  0  0/2    18:02   4:43   4:55 
Erik Johnson             0  0  0   0  2   2  0  2  0  0  0/0    22:29   5:02   3:46 
Jake Gardiner            0  0  0   0  0   0  0  0  0  0  0/0     0:00   0:00   0:00 
Jake Muzzin              0  0  0   0  2   2  1  0  0  0  0/0    13:12   0:00   0:00 
Jeff Skinner             0  0  0   0  0   1  1  0  0  0  2/3    18:16   3:59   2:56 
Ladislav Smid            0  0  0   0  8   2  3  1  0  0  0/0    18:28   5:01   6:14 
Michael Grabner          0  0  0   0  0   5  0  0  0  0  0/0    11:21   0:00   0:00 
Michael Ryder            1  0  1  -1  0   1  0  0  0  0  0/1    12:40   4:43   0:00 
Mike Cammalleri          0  0  0   0  2   0  3  1  0  0  1/2    11:19   0:00   5:01 
Pierre-Marc Bouchard     0  0  0   0  0   0  0  0  0  0  0/1     7:33   0:00   0:00 
Radek Dvorak             0  0  0   0  0   0  0  0  0  0  0/0     7:33   0:00   0:00 
Ryan Kesler              0  0  0   0  2   5  1  0  0  0  15/23  16:54   4:28   1:06 
Sam Gagner               0  0  0   0  0   1  0  0  0  0  3/11   10:18   3:59   0:00 
Shawn Horcoff            0  0  0   0  0   1  0  0  0  0  13/31  17:19   0:00   9:46 
Toni Lydman              0  0  0   0  0   1  1  1  0  0  0/0    20:00   3:40   8:37 

3 Stars

1 - Justin Williams (PHI)
2 - Devan Dubnyk (PHI)
3 - Mark Stuart (PHI)

Power Play

Flyers - 2 on 12 Attempt(s) - 16.67%
Flames - 1 on 5 Attempt(s) - 20.00%

Penalty Kill

Flyers - 4 on 5 Attempt(s) - 80.00% - Score 0 goal in Penalty Kill
Flames - 10 on 12 Attempt(s) - 83.33% - Score 0 goal in Penalty Kill

Official

Referees : Ghislain Hebert and Trevor Hanson
Linesman : Andy McElman and Matt MacPherson

Game Notes

No Game Note

Finance

Level 1 -- Attendance: 4012 (61.72%) -- Ticket Income $541,620
Level 2 -- Attendance: 3319 (66.38%) -- Ticket Income $315,305
Level 3 -- Attendance: 2031 (58.03%) -- Ticket Income $142,170
Level 4 -- Attendance: 2336 (71.02%) -- Ticket Income $93,440
Luxury Box -- Attendance: 492 (49.20%) -- Ticket Income $172,200
Game was played at the ScotiaBank Saddledome
Total Attendance: 12190 (63.20%)
Total Ticket Income: $1,264,735
Other Income: $189,710
Total Income: $1,454,445


% Time on Ice - Flyers

Lines # - Real PCT - Wanted PCT - Time Play
Normal Forward
1 - 32% - 40% - 10:45
2 - 33% - 40% - 10:53
3 - 17% - 10% - 5:47
4 - 17% - 10% - 5:45
Normal Defense
1 - 41% - 50% - 13:45
2 - 39% - 45% - 12:51
3 - 20% - 5% - 6:34
4 - 0% - 0% - 0:00
PP Forward
1 - 57% - 60% - 10:02
2 - 43% - 40% - 7:38
PP Defense
1 - 55% - 60% - 9:44
2 - 45% - 40% - 7:56
PK Forward
1 - 75% - 60% - 6:32
2 - 25% - 40% - 2:10
PK Defense
1 - 57% - 60% - 4:55
2 - 43% - 40% - 3:47
PK3 Forward
1 - 0% - 60%
2 - 0% - 40%
PK3 Defense
1 - 0% - 60%
2 - 0% - 40%
44 Forward
1 - 100% - 60% - 0:28
2 - 0% - 40% - 0:00
44 Defense
1 - 0% - 60% - 0:00
2 - 100% - 40% - 0:28
Last Minute Offensive  - 0:00
Last Minute Defensive  - 0:00
Total
Forward - 60:00
Defense - 60:00

% Time on Ice - Flames

Lines # - Real PCT - Wanted PCT - Time Play
Normal Forward
1 - 24% - 28% - 7:57
2 - 34% - 27% - 11:21
3 - 19% - 25% - 6:19
4 - 23% - 20% - 7:33
Normal Defense
1 - 38% - 35% - 12:42
2 - 40% - 35% - 13:13
3 - 12% - 15% - 4:08
4 - 9% - 15% - 3:07
PP Forward
1 - 54% - 55% - 4:43
2 - 46% - 45% - 3:59
PP Defense
1 - 58% - 50% - 5:02
2 - 42% - 50% - 3:40
PK Forward
1 - 63% - 55% - 9:46
2 - 37% - 45% - 5:42
PK Defense
1 - 51% - 50% - 7:50
2 - 49% - 50% - 7:38
PK3 Forward
1 - 50% - 50% - 1:06
2 - 50% - 50% - 1:06
PK3 Defense
1 - 49% - 50% - 1:05
2 - 51% - 50% - 1:07
44 Forward
1 - 100% - 50% - 0:28
2 - 0% - 50% - 0:00
44 Defense
1 - 0% - 50% - 0:00
2 - 100% - 50% - 0:28
Last Minute Offensive  - 0:00
Last Minute Defensive  - 0:00
Total
Forward - 60:00
Defense - 60:00

Play by Play

1st period


0:01 of 1st period - Anze Kopitar wins face-off versus Kyle Brodziak in neutral zone.
0:04 of 1st period - Joni Pitkanen is hit by Dustin Brown and loses puck.
0:18 of 1st period - Shot by Justin Williams.
0:18 of 1st period - Shot Blocked by Anze Kopitar.
0:20 of 1st period - Shot by Joni Pitkanen.
0:20 of 1st period - Stopped by Jonathan Quick without a rebound.
0:21 of 1st period - Jean-Gabriel Pageau wins face-off versus Ryan Kesler in Flames zone.
0:40 of 1st period - Shot by Mark Stuart.
0:40 of 1st period - Deflect By Gabriel Bourque.
0:40 of 1st period - Shot Blocked by Erik Johnson.
1:52 of 1st period - Shot by Anze Kopitar.
1:52 of 1st period - Stopped by Devan Dubnyk without a rebound.
1:53 of 1st period - Shawn Horcoff wins face-off versus David Steckel in Flyers zone.
2:06 of 1st period - Shot by Bryce Salvador.
2:06 of 1st period - Shot Misses the Net.
2:14 of 1st period - Shot by Shawn Horcoff.
2:14 of 1st period - Stopped by Devan Dubnyk without a rebound.
2:15 of 1st period - Anze Kopitar wins face-off versus Eric Belanger in Flyers zone.
2:16 of 1st period - Shot by Dustin Brown.
2:16 of 1st period - Stopped by Devan Dubnyk without a rebound.
2:17 of 1st period - Anze Kopitar wins face-off versus Eric Belanger in Flyers zone.
2:25 of 1st period - Anze Kopitar is hit by Mark Stuart and loses puck.
2:31 of 1st period - Icing by Luke Schenn.
2:32 of 1st period - Shawn Horcoff wins face-off versus Eric Belanger in Flyers zone.
2:32 of 1st period - Bryce Salvador is hit by Mark Stuart and loses puck.
3:00 of 1st period - Shot by R.J. Umberger.
3:00 of 1st period - Stopped by Jonathan Quick without a rebound.
3:01 of 1st period - Jean-Gabriel Pageau wins face-off versus Sam Gagner in Flames zone.
3:16 of 1st period - Shot by Mike Cammalleri.
3:16 of 1st period - Shot Blocked by Kyle Okposo.
3:20 of 1st period - Shot by Anze Kopitar.
3:20 of 1st period - Stopped by Devan Dubnyk with a rebound.
3:37 of 1st period - Minor Penalty to Kevin Bieksa for Holding.
3:38 of 1st period - Anze Kopitar wins face-off versus R.J. Umberger in Flyers zone.
3:48 of 1st period - Icing by Erik Johnson.
3:49 of 1st period - Anze Kopitar wins face-off versus Eric Belanger in Flames zone.
3:56 of 1st period - Shot by Dustin Brown.
3:56 of 1st period - Shot Misses the Net.
4:12 of 1st period - Shot by Dustin Brown.
4:12 of 1st period - Shot Misses the Net.
4:14 of 1st period - Shot by Erik Johnson.
4:14 of 1st period - Shot Blocked by Joni Pitkanen.
4:16 of 1st period - Shot by Michael Ryder.
4:16 of 1st period - Shot Misses the Net.
4:18 of 1st period - Shot by Erik Johnson.
4:18 of 1st period - Stopped by Devan Dubnyk without a rebound.
4:19 of 1st period - Ryan Kesler wins face-off versus Kyle Brodziak in Flyers zone.
4:19 of 1st period - Ryan Kesler is hit by Mark Stuart.
4:24 of 1st period - Sam Gagner is hit by Mark Stuart.
4:38 of 1st period - Shot by Andrew MacDonald.
4:38 of 1st period - Shot Misses the Net.
4:49 of 1st period - Off-side.
4:50 of 1st period - Kyle Brodziak wins face-off versus Anze Kopitar in neutral zone.
5:11 of 1st period - Shot by Dustin Brown.
5:11 of 1st period - Shot Blocked by Joni Pitkanen.
5:13 of 1st period - Shot by Michael Ryder.
5:13 of 1st period - Deflect By Anze Kopitar.
5:13 of 1st period - Shot Misses the Net.
5:15 of 1st period - Shot by Dustin Brown.
5:15 of 1st period - Stopped by Devan Dubnyk with a rebound.
5:21 of 1st period - Shot by Dustin Brown.
5:21 of 1st period - Deflect By Anze Kopitar.
5:21 of 1st period - Stopped by Devan Dubnyk with a rebound.
5:25 of 1st period - Shot by Ladislav Smid.
5:25 of 1st period - Shot Misses the Net.
5:44 of 1st period - Icing by Mark Stuart.
5:45 of 1st period - Jeff Skinner wins face-off versus Gabriel Bourque in Flyers zone.
5:46 of 1st period - Shot by Ryan Kesler.
5:46 of 1st period - Deflect By Michael Grabner.
5:46 of 1st period - Stopped by Devan Dubnyk with a rebound.
6:02 of 1st period - Shot by Jean-Gabriel Pageau.
6:02 of 1st period - Stopped by Jonathan Quick without a rebound.
6:03 of 1st period - Kyle Brodziak wins face-off versus Shawn Horcoff in Flames zone.
6:22 of 1st period - Shot by Jake Muzzin.
6:22 of 1st period - Stopped by Devan Dubnyk without a rebound.
6:23 of 1st period - Jean-Gabriel Pageau wins face-off versus Anze Kopitar in Flyers zone.
6:23 of 1st period - Jean-Gabriel Pageau is hit by Dustin Brown.
6:29 of 1st period - Shot by Gabriel Bourque.
6:29 of 1st period - Goal by Gabriel Bourque - Flyers : 1 - Flames : 0.
6:30 of 1st period - Anze Kopitar wins face-off versus Kyle Brodziak in neutral zone.
6:30 of 1st period - Michael Ryder is hit by Kyle Brodziak and loses puck.
6:47 of 1st period - Anze Kopitar is hit by Nikolai Kulemin and loses puck.
6:48 of 1st period - Minor Penalty to Nikolai Kulemin for High sticking.
6:49 of 1st period - Eric Belanger wins face-off versus Ryan Kesler in Flyers zone.
6:49 of 1st period - Eric Belanger is hit by Ryan Kesler.
7:14 of 1st period - Icing by Erik Johnson.
7:15 of 1st period - Kyle Brodziak wins face-off versus Ryan Kesler in Flames zone.
7:43 of 1st period - Eric Belanger is hit by Ladislav Smid and loses puck.
7:46 of 1st period - Shot by R.J. Umberger.
7:46 of 1st period - Stopped by Jonathan Quick without a rebound.
7:47 of 1st period - Kyle Brodziak wins face-off versus Dustin Brown in Flames zone.
8:02 of 1st period - Shot by Michael Ryder.
8:02 of 1st period - Goal by Michael Ryder - Flyers : 1 - Flames : 1.
8:03 of 1st period - Jean-Gabriel Pageau wins face-off versus Shawn Horcoff in neutral zone.
8:23 of 1st period - Shot by Gabriel Bourque.
8:23 of 1st period - Shot Misses the Net.
8:25 of 1st period - Shot by Kevin Bieksa.
8:25 of 1st period - Shot Blocked by Bryce Salvador.
8:27 of 1st period - Shot by Kyle Okposo.
8:27 of 1st period - Shot Blocked by Bryce Salvador.
8:29 of 1st period - Shot by Gabriel Bourque.
8:29 of 1st period - Stopped by Jonathan Quick without a rebound.
8:30 of 1st period - Kyle Brodziak wins face-off versus Anze Kopitar in Flames zone.
9:45 of 1st period - Icing by Joni Pitkanen.
9:46 of 1st period - Shawn Horcoff wins face-off versus Jean-Gabriel Pageau in Flyers zone.
9:49 of 1st period - Shot by Radek Dvorak.
9:49 of 1st period - Shot Blocked by Joni Pitkanen.
10:00 of 1st period - Minor Penalty to Bryce Salvador for Interference.
10:01 of 1st period - Shawn Horcoff wins face-off versus Kyle Okposo in Flames zone.
10:01 of 1st period - Shawn Horcoff is hit by Kyle Okposo.
10:15 of 1st period - Shot by Joni Pitkanen.
10:15 of 1st period - Shot Blocked by Andrew MacDonald.
10:17 of 1st period - Shot by Joni Pitkanen.
10:17 of 1st period - Stopped by Jonathan Quick without a rebound.
10:18 of 1st period - Kyle Brodziak wins face-off versus Shawn Horcoff in Flames zone.
10:23 of 1st period - Shot by Luke Schenn.
10:23 of 1st period - Stopped by Jonathan Quick without a rebound.
10:24 of 1st period - Kyle Brodziak wins face-off versus Shawn Horcoff in Flames zone.
10:27 of 1st period - Shot by Justin Williams.
10:27 of 1st period - Shot Blocked by Ladislav Smid.
10:44 of 1st period - Shot by Kyle Brodziak.
10:44 of 1st period - Deflect By Nikolai Kulemin.
10:44 of 1st period - Shot Misses the Net.
10:46 of 1st period - Shot by Kyle Brodziak.
10:46 of 1st period - Deflect By Justin Williams.
10:46 of 1st period - Goal by Justin Williams - Flyers : 2 - Flames : 1.
10:47 of 1st period - Ryan Kesler wins face-off versus Jean-Gabriel Pageau in neutral zone.
10:49 of 1st period - Minor Penalty to Ryan Kesler for Slashing.
10:50 of 1st period - Shawn Horcoff wins face-off versus Kyle Okposo in Flames zone.
11:28 of 1st period - Joni Pitkanen is hit by Dustin Brown and loses puck.
11:54 of 1st period - Icing by Kyle Brodziak.
11:55 of 1st period - Kyle Brodziak wins face-off versus Shawn Horcoff in Flyers zone.
12:08 of 1st period - Shot by Justin Williams.
12:08 of 1st period - Stopped by Jonathan Quick with a rebound.
12:10 of 1st period - Shot by Kyle Brodziak.
12:10 of 1st period - Shot Misses the Net.
13:02 of 1st period - Jeff Skinner is hit by Mark Stuart and loses puck.
13:05 of 1st period - Shot by Michael Grabner.
13:05 of 1st period - Shot Misses the Net.
13:19 of 1st period - Shot by Michael Grabner.
13:19 of 1st period - Stopped by Devan Dubnyk with a rebound.
13:52 of 1st period - Shot by Michael Ryder.
13:52 of 1st period - Shot Misses the Net.
13:54 of 1st period - Shot by Bryce Salvador.
13:54 of 1st period - Shot Blocked by R.J. Umberger.
14:14 of 1st period - R.J. Umberger is hit by Dustin Brown and loses puck.
14:31 of 1st period - Shot by Pierre-Marc Bouchard.
14:31 of 1st period - Shot Blocked by Mark Stuart.
14:53 of 1st period - Shot by Pierre-Marc Bouchard.
14:53 of 1st period - Shot Misses the Net.
14:55 of 1st period - Shot by Shawn Horcoff.
14:55 of 1st period - Shot Misses the Net.
14:57 of 1st period - Shot by Toni Lydman.
14:57 of 1st period - Deflect By Pierre-Marc Bouchard.
14:57 of 1st period - Shot Blocked by Mark Stuart.
15:23 of 1st period - Shot by Ryan Kesler.
15:23 of 1st period - Stopped by Devan Dubnyk without a rebound.
15:24 of 1st period - Kyle Brodziak wins face-off versus Sam Gagner in Flyers zone.
15:30 of 1st period - Minor Penalty to Mike Cammalleri for Holding.
15:31 of 1st period - Kyle Brodziak wins face-off versus Anze Kopitar in Flames zone.
16:03 of 1st period - Shot by Justin Williams.
16:03 of 1st period - Shot Blocked by Andrew MacDonald.
16:05 of 1st period - Shot by Kevin Bieksa.
16:05 of 1st period - Shot Misses the Net.
16:07 of 1st period - Shot by Nikolai Kulemin.
16:07 of 1st period - Stopped by Jonathan Quick without a rebound.
16:08 of 1st period - Shawn Horcoff wins face-off versus Kyle Okposo in Flames zone.
16:08 of 1st period - Shawn Horcoff is hit by Dainius Zubrus.
16:36 of 1st period - Shot by Kevin Bieksa.
16:36 of 1st period - Stopped by Jonathan Quick with a rebound.
17:03 of 1st period - Nikolai Kulemin is hit by Anze Kopitar and loses puck.
17:48 of 1st period - Shot by Ryan Kesler.
17:48 of 1st period - Shot Blocked by Dainius Zubrus.
17:58 of 1st period - Off-side.
17:59 of 1st period - Jean-Gabriel Pageau wins face-off versus Sam Gagner in neutral zone.
18:06 of 1st period - Mike Cammalleri is hit by Kevin Bieksa and loses puck.
18:12 of 1st period - Anze Kopitar is hit by Joni Pitkanen and loses puck.
18:23 of 1st period - Shot by Mike Cammalleri.
18:23 of 1st period - Shot Misses the Net.
18:25 of 1st period - Shot by Bryce Salvador.
18:25 of 1st period - Shot Blocked by Kevin Bieksa.
18:27 of 1st period - Shot by Mike Cammalleri.
18:27 of 1st period - Shot Misses the Net.
18:34 of 1st period - Icing by Joni Pitkanen.
18:35 of 1st period - Ryan Kesler wins face-off versus Jean-Gabriel Pageau in Flyers zone.
18:35 of 1st period - Ryan Kesler is hit by Kevin Bieksa.
19:07 of 1st period - Shot by Jake Muzzin.
19:07 of 1st period - Stopped by Devan Dubnyk without a rebound.
19:08 of 1st period - Kyle Brodziak wins face-off versus Shawn Horcoff in Flyers zone.
19:20 of 1st period - Nikolai Kulemin is hit by Ladislav Smid and loses puck.
19:35 of 1st period - Shot by Kyle Brodziak.
19:35 of 1st period - Stopped by Jonathan Quick without a rebound.
19:36 of 1st period - Ryan Kesler wins face-off versus Jack Skille in Flames zone.
19:36 of 1st period - Minor Penalty to David Steckel for Holding.
19:37 of 1st period - Eric Belanger wins face-off versus Anze Kopitar in Flyers zone.

2nd period


0:01 of 2nd period - Anze Kopitar wins face-off versus Eric Belanger in neutral zone.
0:25 of 2nd period - Shot by Dustin Brown.
0:25 of 2nd period - Stopped by Devan Dubnyk without a rebound.
0:26 of 2nd period - Ryan Kesler wins face-off versus Eric Belanger in Flyers zone.
1:23 of 2nd period - Shot by Dustin Brown.
1:23 of 2nd period - Stopped by Devan Dubnyk with a rebound.
1:35 of 2nd period - Shot by Andrew MacDonald.
1:35 of 2nd period - Stopped by Devan Dubnyk with a rebound.
1:37 of 2nd period - Shot by Andrew MacDonald.
1:37 of 2nd period - Shot Misses the Net.
1:39 of 2nd period - Shot by Bryce Salvador.
1:39 of 2nd period - Shot Misses the Net.
2:31 of 2nd period - Shot by Jake Muzzin.
2:31 of 2nd period - Shot Misses the Net.
3:37 of 2nd period - Icing by Michael Grabner.
3:38 of 2nd period - David Steckel wins face-off versus Ryan Kesler in Flames zone.
3:45 of 2nd period - Shot by Dainius Zubrus.
3:45 of 2nd period - Stopped by Jonathan Quick without a rebound.
3:46 of 2nd period - Sam Gagner wins face-off versus David Steckel in Flames zone.
3:54 of 2nd period - Icing by Luke Schenn.
3:55 of 2nd period - Sam Gagner wins face-off versus Dainius Zubrus in Flyers zone.
4:15 of 2nd period - Minor Penalty to Anze Kopitar for Hooking.
4:16 of 2nd period - Kyle Okposo wins face-off versus Shawn Horcoff in Flames zone.
4:16 of 2nd period - Luke Schenn is hit by Ladislav Smid and loses puck.
4:20 of 2nd period - Minor Penalty to Ladislav Smid for Hooking.
4:21 of 2nd period - Kyle Okposo wins face-off versus Jeff Skinner in Flames zone.
4:22 of 2nd period - Shot by Gabriel Bourque.
4:22 of 2nd period - Shot Hit the Post.
4:51 of 2nd period - Shot by Gabriel Bourque.
4:51 of 2nd period - Stopped by Jonathan Quick without a rebound.
4:52 of 2nd period - Ryan Kesler wins face-off versus Kyle Brodziak in Flames zone.
4:52 of 2nd period - Ryan Kesler is hit by Nikolai Kulemin.
6:41 of 2nd period - Icing by Erik Johnson.
6:42 of 2nd period - David Steckel wins face-off versus Sam Gagner in Flames zone.
7:05 of 2nd period - Shot by Jack Skille.
7:05 of 2nd period - Shot Misses the Net.
7:27 of 2nd period - Shot by Jeff Skinner.
7:27 of 2nd period - Shot Blocked by Kevin Bieksa.
8:04 of 2nd period - Icing by Joni Pitkanen.
8:05 of 2nd period - Dainius Zubrus wins face-off versus Shawn Horcoff in Flyers zone.
8:22 of 2nd period - Icing by Joni Pitkanen.
8:23 of 2nd period - David Steckel wins face-off versus Anze Kopitar in Flyers zone.
8:51 of 2nd period - Icing by Toni Lydman.
8:52 of 2nd period - Kyle Brodziak wins face-off versus Anze Kopitar in Flames zone.
9:01 of 2nd period - Shot by Carlo Colaiacovo.
9:01 of 2nd period - Stopped by Jonathan Quick without a rebound.
9:02 of 2nd period - Ryan Kesler wins face-off versus Jean-Gabriel Pageau in Flames zone.
10:05 of 2nd period - Shot by Justin Williams.
10:05 of 2nd period - Shot Blocked by Erik Johnson.
10:07 of 2nd period - Shot by Marc-Andre Bergeron.
10:07 of 2nd period - Stopped by Jonathan Quick without a rebound.
10:08 of 2nd period - Eric Belanger wins face-off versus Anze Kopitar in Flames zone.
10:15 of 2nd period - Shot by Antti Miettinen.
10:15 of 2nd period - Stopped by Jonathan Quick without a rebound.
10:16 of 2nd period - Sam Gagner wins face-off versus Kyle Brodziak in Flames zone.
10:49 of 2nd period - Shot by Anze Kopitar.
10:49 of 2nd period - Shot Misses the Net.
11:18 of 2nd period - Kyle Okposo is hit by Bryce Salvador and loses puck.
11:24 of 2nd period - Minor Penalty to Gabriel Bourque for Hooking.
11:25 of 2nd period - Eric Belanger wins face-off versus Ryan Kesler in Flyers zone.
11:33 of 2nd period - Icing by Dustin Brown.
11:34 of 2nd period - Ryan Kesler wins face-off versus Eric Belanger in Flames zone.
11:53 of 2nd period - Shot by Dustin Brown.
11:53 of 2nd period - Stopped by Devan Dubnyk without a rebound.
11:54 of 2nd period - Eric Belanger wins face-off versus Sam Gagner in Flyers zone.
12:11 of 2nd period - Shot by Andrew MacDonald.
12:11 of 2nd period - Shot Blocked by Joni Pitkanen.
12:46 of 2nd period - Shot by Anze Kopitar.
12:46 of 2nd period - Shot Misses the Net.
12:48 of 2nd period - Shot by Ladislav Smid.
12:48 of 2nd period - Stopped by Devan Dubnyk without a rebound.
12:49 of 2nd period - Eric Belanger wins face-off versus Michael Ryder in Flyers zone.
12:55 of 2nd period - Minor Penalty to Ladislav Smid for Interference.
12:56 of 2nd period - Anze Kopitar wins face-off versus Kyle Brodziak in Flames zone.
13:08 of 2nd period - Dustin Brown is hit by Mark Stuart and loses puck.
13:23 of 2nd period - Shot by Dustin Brown.
13:23 of 2nd period - Shot Blocked by Luke Schenn.
13:54 of 2nd period - Shot by Gabriel Bourque.
13:54 of 2nd period - Stopped by Jonathan Quick without a rebound.
13:55 of 2nd period - Kyle Brodziak wins face-off versus Shawn Horcoff in Flames zone.
14:27 of 2nd period - Luke Schenn is hit by Dustin Brown and loses puck.
14:36 of 2nd period - Shot by Andrew MacDonald.
14:36 of 2nd period - Stopped by Devan Dubnyk with a rebound.
14:41 of 2nd period - Icing by Luke Schenn.
14:42 of 2nd period - Shawn Horcoff wins face-off versus Kyle Brodziak in Flyers zone.
15:01 of 2nd period - Shot by Michael Grabner.
15:01 of 2nd period - Shot Blocked by Kevin Bieksa.
15:03 of 2nd period - Shot by Erik Johnson.
15:03 of 2nd period - Stopped by Devan Dubnyk without a rebound.
15:04 of 2nd period - Ryan Kesler wins face-off versus Jean-Gabriel Pageau in Flyers zone.
15:04 of 2nd period - Ryan Kesler is hit by Kevin Bieksa.
15:08 of 2nd period - Shot by Ryan Kesler.
15:08 of 2nd period - Stopped by Devan Dubnyk without a rebound.
15:09 of 2nd period - Ryan Kesler wins face-off versus Jean-Gabriel Pageau in Flyers zone.
15:28 of 2nd period - Shot by Michael Grabner.
15:28 of 2nd period - Stopped by Devan Dubnyk with a rebound.
16:06 of 2nd period - Icing by Joni Pitkanen.
16:07 of 2nd period - Jean-Gabriel Pageau wins face-off versus Anze Kopitar in Flyers zone.
16:36 of 2nd period - Shot by Anze Kopitar.
16:36 of 2nd period - Stopped by Devan Dubnyk without a rebound.
16:37 of 2nd period - David Steckel wins face-off versus Shawn Horcoff in Flyers zone.
16:48 of 2nd period - Minor Penalty to Ladislav Smid for Roughing.
16:49 of 2nd period - Kyle Brodziak wins face-off versus Shawn Horcoff in Flames zone.
17:03 of 2nd period - Shot by Justin Williams.
17:03 of 2nd period - Goal by Justin Williams - Flyers : 3 - Flames : 1.
17:04 of 2nd period - David Steckel wins face-off versus Ryan Kesler in neutral zone.
17:12 of 2nd period - Minor Penalty to Andrew MacDonald for Roughing.
17:13 of 2nd period - Shawn Horcoff wins face-off versus Kyle Brodziak in Flames zone.
17:36 of 2nd period - Icing by Nikolai Kulemin.
17:37 of 2nd period - Kyle Brodziak wins face-off versus Shawn Horcoff in Flyers zone.
18:04 of 2nd period - Shot by Nikolai Kulemin.
18:04 of 2nd period - Shot Blocked by Mike Cammalleri.
18:06 of 2nd period - Shot by Joni Pitkanen.
18:06 of 2nd period - Shot Misses the Net.
18:17 of 2nd period - Icing by Marc-Andre Bergeron.
18:18 of 2nd period - Shawn Horcoff wins face-off versus Kyle Okposo in Flyers zone.
18:53 of 2nd period - Minor Penalty to Erik Johnson for Hooking.
18:54 of 2nd period - Ryan Kesler wins face-off versus Kyle Brodziak in Flames zone.
18:54 of 2nd period - Ryan Kesler is hit by Justin Williams.
19:16 of 2nd period - Shot by Kevin Bieksa.
19:16 of 2nd period - Shot Blocked by Bryce Salvador.
19:23 of 2nd period - Icing by Joni Pitkanen.
19:24 of 2nd period - Kyle Brodziak wins face-off versus Shawn Horcoff in Flyers zone.
19:29 of 2nd period - Shot by Kevin Bieksa.
19:29 of 2nd period - Shot Misses the Net.

3rd period


0:01 of 3rd period - Kyle Brodziak wins face-off versus Anze Kopitar in neutral zone.
0:18 of 3rd period - Icing by Kevin Bieksa.
0:19 of 3rd period - Kyle Brodziak wins face-off versus Shawn Horcoff in Flyers zone.
0:19 of 3rd period - Kyle Brodziak is hit by Anze Kopitar.
0:32 of 3rd period - Shot by Kevin Bieksa.
0:32 of 3rd period - Shot Misses the Net.
0:34 of 3rd period - Shot by Joni Pitkanen.
0:34 of 3rd period - Stopped by Jonathan Quick without a rebound.
0:35 of 3rd period - Shawn Horcoff wins face-off versus Kyle Okposo in Flames zone.
1:31 of 3rd period - Shot by Michael Grabner.
1:31 of 3rd period - Stopped by Devan Dubnyk without a rebound.
1:32 of 3rd period - Anze Kopitar wins face-off versus Kyle Brodziak in Flyers zone.
1:42 of 3rd period - Minor Penalty to Dustin Brown for Slashing.
1:43 of 3rd period - Kyle Okposo wins face-off versus Shawn Horcoff in Flames zone.
1:53 of 3rd period - Off-side.
1:54 of 3rd period - Kyle Brodziak wins face-off versus Shawn Horcoff in neutral zone.
2:15 of 3rd period - Shot by Joni Pitkanen.
2:15 of 3rd period - Shot Misses the Net.
2:25 of 3rd period - Joni Pitkanen is hit by Mike Cammalleri and loses puck.
2:36 of 3rd period - Joni Pitkanen is hit by Mike Cammalleri and loses puck.
3:08 of 3rd period - Icing by Luke Schenn.
3:09 of 3rd period - Anze Kopitar wins face-off versus Kyle Okposo in Flyers zone.
3:09 of 3rd period - Shawn Horcoff is hit by Luke Schenn and loses puck.
3:32 of 3rd period - Shot by Luke Schenn.
3:32 of 3rd period - Shot Misses the Net.
4:03 of 3rd period - Shot by Antti Miettinen.
4:03 of 3rd period - Stopped by Jonathan Quick without a rebound.
4:04 of 3rd period - Anze Kopitar wins face-off versus David Steckel in Flames zone.
4:35 of 3rd period - Shot by Dustin Brown.
4:35 of 3rd period - Shot Blocked by Carlo Colaiacovo.
4:37 of 3rd period - Shot by Ladislav Smid.
4:37 of 3rd period - Stopped by Devan Dubnyk without a rebound.
4:38 of 3rd period - Kyle Brodziak wins face-off versus Pierre-Marc Bouchard in Flyers zone.
5:01 of 3rd period - Shot by Justin Williams.
5:01 of 3rd period - Shot Blocked by Andrew MacDonald.
6:37 of 3rd period - Off-side.
6:38 of 3rd period - Eric Belanger wins face-off versus Ryan Kesler in neutral zone.
6:59 of 3rd period - Shot by Michael Grabner.
6:59 of 3rd period - Shot Blocked by Kevin Bieksa.
7:01 of 3rd period - Shot by Ryan Kesler.
7:01 of 3rd period - Stopped by Devan Dubnyk without a rebound.
7:02 of 3rd period - Kyle Brodziak wins face-off versus Sam Gagner in Flyers zone.
7:02 of 3rd period - Kyle Brodziak is hit by Anze Kopitar.
8:10 of 3rd period - Minor Penalty to Jake Muzzin for Hooking.
8:11 of 3rd period - Shawn Horcoff wins face-off versus Kyle Okposo in Flames zone.
8:26 of 3rd period - Shot by Gabriel Bourque.
8:26 of 3rd period - Stopped by Jonathan Quick without a rebound.
8:27 of 3rd period - Kyle Brodziak wins face-off versus Dustin Brown in Flames zone.
8:30 of 3rd period - Shot by Justin Williams.
8:30 of 3rd period - Shot Misses the Net.
9:01 of 3rd period - Shot by Luke Schenn.
9:01 of 3rd period - Stopped by Jonathan Quick without a rebound.
9:02 of 3rd period - Shawn Horcoff wins face-off versus Kyle Okposo in Flames zone.
9:24 of 3rd period - Shot by Joni Pitkanen.
9:24 of 3rd period - Stopped by Jonathan Quick with a rebound.
9:26 of 3rd period - Shot by Kyle Okposo.
9:26 of 3rd period - Shot Misses the Net.
9:28 of 3rd period - Shot by Joni Pitkanen.
9:28 of 3rd period - Shot Misses the Net.
9:30 of 3rd period - Shot by Kevin Bieksa.
9:30 of 3rd period - Shot Misses the Net.
9:51 of 3rd period - Off-side.
9:52 of 3rd period - Mike Cammalleri wins face-off versus Kyle Brodziak in neutral zone.
10:18 of 3rd period - Icing by Jeff Skinner.
10:19 of 3rd period - Ryan Kesler wins face-off versus Eric Belanger in Flames zone.
10:38 of 3rd period - Shot by Ryan Kesler.
10:38 of 3rd period - Stopped by Devan Dubnyk without a rebound.
10:39 of 3rd period - Kyle Brodziak wins face-off versus Shawn Horcoff in Flyers zone.
10:49 of 3rd period - Justin Williams is hit by Bryce Salvador and loses puck.
12:03 of 3rd period - Luke Schenn is hit by Dustin Brown and loses puck.
12:19 of 3rd period - Shot by Dustin Brown.
12:19 of 3rd period - Stopped by Devan Dubnyk without a rebound.
12:20 of 3rd period - Jeff Skinner wins face-off versus Dainius Zubrus in Flyers zone.
12:20 of 3rd period - Michael Grabner is hit by Carlo Colaiacovo and loses puck.
12:24 of 3rd period - Minor Penalty to Marc-Andre Bergeron for Hooking.
12:25 of 3rd period - Ryan Kesler wins face-off versus Eric Belanger in Flyers zone.
12:38 of 3rd period - Shot by Jeff Skinner.
12:38 of 3rd period - Stopped by Devan Dubnyk without a rebound.
12:39 of 3rd period - Eric Belanger wins face-off versus Anze Kopitar in Flyers zone.
12:39 of 3rd period - Eric Belanger is hit by Anze Kopitar.
13:50 of 3rd period - Shot by Andrew MacDonald.
13:50 of 3rd period - Shot Misses the Net.
13:52 of 3rd period - Shot by Toni Lydman.
13:52 of 3rd period - Stopped by Devan Dubnyk without a rebound.
13:53 of 3rd period - Eric Belanger wins face-off versus Sam Gagner in Flyers zone.
14:06 of 3rd period - Shot by Sam Gagner.
14:06 of 3rd period - Stopped by Devan Dubnyk without a rebound.
14:07 of 3rd period - Anze Kopitar wins face-off versus Eric Belanger in Flyers zone.
14:49 of 3rd period - Off-side.
14:50 of 3rd period - Ryan Kesler wins face-off versus Justin Williams in neutral zone.
14:52 of 3rd period - Toni Lydman is hit by Mark Stuart and loses puck.
14:59 of 3rd period - Shot by Ryan Kesler.
14:59 of 3rd period - Stopped by Devan Dubnyk without a rebound.
15:00 of 3rd period - Kyle Brodziak wins face-off versus Anze Kopitar in Flyers zone.
15:20 of 3rd period - Icing by Nikolai Kulemin.
15:21 of 3rd period - Ryan Kesler wins face-off versus Kyle Brodziak in Flyers zone.
15:46 of 3rd period - Shot by Michael Grabner.
15:46 of 3rd period - Stopped by Devan Dubnyk without a rebound.
15:47 of 3rd period - Jean-Gabriel Pageau wins face-off versus Sam Gagner in Flyers zone.
15:47 of 3rd period - Jean-Gabriel Pageau is hit by Mike Cammalleri.
15:52 of 3rd period - Mark Stuart is hit by Jake Muzzin and loses puck.
16:08 of 3rd period - Shot by Mike Cammalleri.
16:08 of 3rd period - Shot Misses the Net.
16:10 of 3rd period - Shot by Mike Cammalleri.
16:10 of 3rd period - Shot Misses the Net.
16:16 of 3rd period - Shot by Anze Kopitar.
16:16 of 3rd period - Stopped by Devan Dubnyk with a rebound.
16:18 of 3rd period - Shot by Mike Cammalleri.
16:18 of 3rd period - Shot Blocked by Luke Schenn.
16:20 of 3rd period - Shot by Anze Kopitar.
16:20 of 3rd period - Deflect By Mike Cammalleri.
16:20 of 3rd period - Shot Misses the Net.
16:22 of 3rd period - Shot by Mike Cammalleri.
16:22 of 3rd period - Shot Misses the Net.
16:24 of 3rd period - Shot by Sam Gagner.
16:24 of 3rd period - Shot Misses the Net.
16:27 of 3rd period - Anze Kopitar is hit by Luke Schenn and loses puck.
16:37 of 3rd period - Icing by Mark Stuart.
16:38 of 3rd period - Jean-Gabriel Pageau wins face-off versus Ryan Kesler in Flyers zone.
16:38 of 3rd period - Jean-Gabriel Pageau is hit by Jeff Skinner.
16:54 of 3rd period - Shot by Michael Grabner.
16:54 of 3rd period - Shot Misses the Net.
17:29 of 3rd period - Shot by Justin Williams.
17:29 of 3rd period - Stopped by Jonathan Quick without a rebound.
17:30 of 3rd period - Jack Skille wins face-off versus Anze Kopitar in Flames zone.
17:37 of 3rd period - Jack Skille is hit by Anze Kopitar and loses puck.
18:13 of 3rd period - Marc-Andre Bergeron is hit by Toni Lydman and loses puck.
18:24 of 3rd period - Shot by Gabriel Bourque.
18:24 of 3rd period - Shot Misses the Net.
18:26 of 3rd period - Shot by Luke Schenn.
18:26 of 3rd period - Shot Blocked by Toni Lydman.
18:31 of 3rd period - Minor Penalty to Ladislav Smid for Hooking.
18:32 of 3rd period - Justin Williams wins face-off versus Shawn Horcoff in Flames zone.
18:33 of 3rd period - Shot by Kevin Bieksa.
18:33 of 3rd period - Stopped by Jonathan Quick without a rebound.
18:34 of 3rd period - Shawn Horcoff wins face-off versus Kyle Brodziak in Flames zone.
18:50 of 3rd period - Icing by Kyle Brodziak.
18:51 of 3rd period - Kyle Brodziak wins face-off versus Mike Cammalleri in Flyers zone.


Output by the SimonT Hockey Simulator (STHS) for Stephane Roy -- Original Page W3C XHTML 1.0 Valid
Hockey Simulator - Hockey Simulation - Hockey Manager